 Dungeon Crawl Stone Soup version 0.22-a0-351-g29664b4 (webtiles) character file.

192 Auros the Cudgeler (level 5, -4/45 HPs)
             Began as a Minotaur Fighter on Apr 12, 2018.
             Killed by divine providence
             ... invoked by an orc priest
              (12 damage)
             ... on level 4 of the Dungeon.
             The game lasted 00:05:44 (3237 turns).

Auros the Cudgeler (Minotaur Fighter)               Turns: 3237, Time: 00:05:44

Health: -4/45      AC:  9    Str: 20    XL:     5   Next: 42%
Magic:  4/4        EV:  8    Int:  5    God:
Gold:   222        SH:  9    Dex: 11    Spells: 4/4 levels left

rFire    . . .     SeeInvis .   a - +0 flail
rCold    . . .     Gourm    .   c - +0 shield
rNeg     . . .     Faith    .   p - +3 ring mail
rPois    .         Spirit   .   (helmet restricted)
rElec    .         Reflect  .   (no cloak)
rCorr    .         Harm     .   (no gloves)
MR       .....                  t - +0 pair of boots
Stlth    +.........             (no amulet)
HPRegen  0.15/turn              (no ring)
MPRegen  0.09/turn              (no ring)

@: no status effects
A: retaliatory headbutt, horns 2
a: no special abilities


You were on level 4 of the Dungeon.
You were very hungry.

You visited 1 branch of the dungeon, and saw 4 of its levels.

You collected 222 gold pieces.

Inventory:

Hand Weapons
 a - a +0 flail (weapon)
 y - a +0 hunting sling
Missiles
 w - 29 bolts
 x - 15 poisoned needles
 B - 18 stones (quivered)
Armour
 b - a +0 scale mail
 c - a +0 shield (worn)
 p - a +3 ring mail (worn)
 t - a +0 pair of boots (worn)
Jewellery
 l - an uncursed ring of protection from cold {unknown}
 o - an uncursed ring of protection from cold {unknown}
Scrolls
 e - 3 scrolls of teleportation {unknown}
 g - a scroll of immolation {unknown}
 h - 3 scrolls of identify {unknown}
 j - 2 scrolls of remove curse {unknown}
 k - 3 scrolls of amnesia {unknown}
 m - 6 scrolls of magic mapping {unknown}
 n - a scroll of noise {unknown}
 s - a scroll of enchant weapon {unknown}
Potions
 d - a potion of might
 i - a potion of cancellation {unknown}
 q - 2 potions of curing {unknown}
 r - a potion of agility {unknown}
 u - a potion of lignification {unknown}
 v - 2 potions of heal wounds {unknown}
 z - 2 potions of degeneration {unknown}
 A - a potion of magic {unknown}
Comestibles
 f - 4 rations


   Skills:
 - Level 3.6 Fighting
 + Level 6.9 Maces & Flails
 - Level 3.6 Armour
 - Level 3.6 Shields


You had 4 spell levels left.
You didn't know any spells.

Dungeon Overview and Level Annotations

Branches:
Dungeon (4/15)
 Temple: D:4-7

Altars:
Cheibriados
Nemelex Xobeh
The Shining One


Innate Abilities, Weirdness & Mutations

You reflexively headbutt those who attack you in melee.
You have a pair of horns on your head.


Message History

You are too injured to fight recklessly!
You are too injured to fight recklessly!
You are too injured to fight recklessly!
You are too injured to fight recklessly!
You are too injured to fight recklessly!
You are too injured to fight recklessly!
The orc priest calls down the wrath of Beogh upon you.
Beogh smites you!
You thump the orc!
You kill the orc!
The orc priest invokes the aid of Beogh against you.
Beogh smites you!
* * * LOW HITPOINT WARNING * * *
Your shield and ring mail prevent you from hitting the orc.
Your headbutt misses the orc. The orc hits you with a mace.
* * * LOW HITPOINT WARNING * * *
You hit the orc but do no damage. You block the orc's attack.
The orc priest mumbles some strange prayers to Beogh against you.
Beogh smites you!
You die...

###....>......#
..............+
#...........#
#..[.# #....#
#.#....##
#......o#
#######o#
#..(..#@#
#.###.#)#
#.#...#.#
#.#...#.#
#.#...#.#
#..<....#
#########


You could see an orc priest and an orc.

Vanquished Creatures
  An orc priest (D:3)
  A worker ant (D:4)
  6 adders
  An ooze (D:2)
  4 worms
  2 dart slugs
  8 orcs
  2 ball pythons
  A giant cockroach (D:1)
  4 hobgoblins
  4 jackals (D:1)
  6 bats
  4 frilled lizards
  7 goblins
  2 kobolds
  6 rats
59 creatures vanquished.

Notes
Turn   | Place    | Note
-------+----------+-------------------------------------------
     0 | D:1      | Auros the Minotaur Fighter began the quest for the Orb.
     0 | D:1      | Reached XP level 1. HP: 19/19 MP: 0/0
    61 | D:1      | Reached skill level 3 in Maces & Flails
    66 | D:1      | Reached XP level 2. HP: 23/26 MP: 1/1
   818 | D:2      | Noticed a sky beast
  1026 | D:1      | Reached skill level 4 in Maces & Flails
  1035 | D:1      | You fall through a shaft!
  1333 | D:2      | Reached XP level 3. HP: 31/31 MP: 2/2
  1644 | D:2      | Reached skill level 5 in Maces & Flails
  1938 | D:2      | Reached XP level 4. HP: 34/39 MP: 3/3
  2034 | D:2      | Found a snail-covered altar of Cheibriados.
  2037 | D:2      | Found a sparkling altar of Nemelex Xobeh.
  2040 | D:2      | Found a glowing golden altar of the Shining One.
  2308 | D:3      | Reached skill level 6 in Maces & Flails
  2642 | D:3      | Reached XP level 5. HP: 45/45 MP: 4/4
  3237 | D:4      | Killed from afar by an orc priest

Vault maps used:
D:1:      onia_arrival_mini_spirals
D:2:      grunt_temple_overflow_diamond, minmay_hexomino_c4
D:4:      first_ration

Skill      XL: |  1  2  3  4 |
---------------+-------------+-----
Maces & Flails | 3 4 5 6 |  6.9
Fighting       | |  3.6
Armour         | |  3.6
Shields        | |  3.6

Action                   |  1- 3 |  4- 6 || total
-------------------------+-------+-------++-------
Melee: Flail             |    81 |    63 ||   144
       Headbutt          |    11 |    12 ||    23
  Use: Potion            |     1 |       ||     1
  Eat: Chunk             |     3 |     3 ||     6
Armor: Scale mail        |    12 |       ||    12
       Ring mail         |    23 |    26 ||    49
Dodge: Dodged            |    36 |    34 ||    70
Block: Shield            |    52 |    31 ||    83

Table legend:
 A = Spawn XP
 B = Non-spawn XP
 C = Spawn XP percentage of total XP
 D = Spawn monster count
 E = Non-spawn monster count
 F = Spawn count percentage of total count
 G = Total turns spent on level
                    A         B        C        D         E        F      G
               +---------+---------+-------+---------+---------+-------+---------
         Total |       0 |     275 |   0.0 |       0 |      59 |   0.0 |  3237
               +---------+---------+-------+---------+---------+-------+---------
           D:1 |       0 |      29 |   0.0 |       0 |      18 |   0.0 |  1000
           D:2 |       0 |      80 |   0.0 |       0 |      18 |   0.0 |  1277
           D:3 |       0 |     124 |   0.0 |       0 |      20 |   0.0 |   892
           D:4 |       0 |      42 |   0.0 |       0 |       3 |   0.0 |    68
               +---------+---------+-------+---------+---------+-------+---------
